 Dungeon Crawl Stone Soup version 0.20-a0-848-g73d9be0 (webtiles) character file.

89348 krabocopter the Fighter (level 15, -3/123 HPs)
             Began as a Demonspawn Gladiator on Mar 9, 2017.
             Slain by a catoblepas (10 damage)
             ... on level 6 of the Lair of Beasts.
             The game lasted 01:00:51 (17788 turns).

krabocopter the Fighter (Demonspawn Gladiator)     Turns: 17788, Time: 01:00:52

Health: -3/123     AC:  8    Str: 20    XL:     15   Next: 49%
Magic:  0/24       EV:  2    Int: 11    God:
Gold:   839        SH:  0    Dex: 25    Spells: 22/26 levels left

rFire    . . .     SeeInvis .   g - +3 scimitar (flame)
rCold    . . .     Gourm    .   z - +0 leather armour "Zuess" {Dex+4}
rNeg     + + +     Faith    .   A - +0 buckler
rPois    ∞         Spirit   +   (helmet unavailable)
rElec    .         Reflect  .   R - +1 cloak
rCorr    .         Harm     .   H - +0 pair of gloves
MR       +....                  U - +0 pair of boots (curse)
Stlth    ++........             a - amulet of guardian spirit
Regen    0.3/turn               C - +4 ring of strength
MPRegen  0.2/turn               t - +3 ring of dexterity

@: petrified
A: horns 3, powered by death 3, powered by pain 3
a: no special abilities


You were on level 6 of the Lair of Beasts.
You were hungry.

You visited 3 branches of the dungeon, and saw 18 of its levels.
You also visited: Ossuary.

You collected 1056 gold pieces.
You spent 217 gold pieces at shops.

Inventory:

Hand Weapons
 g - a +3 scimitar of flaming (weapon)
 l - a +1 hand crossbow of flaming
Missiles
 d - 4 throwing nets (quivered)
 P - 44 bolts
Armour
 h - a +2 leather armour of fire resistance
 z - the +0 leather armour "Zuess" (worn) {Dex+4}
   (You found it on level 5 of the Dungeon)

   It affects your dexterity (+4).
 A - a +0 buckler (worn)
 H - a +0 pair of gloves (worn)
 R - a +1 cloak (worn)
 U - a cursed +0 pair of boots (worn)
Jewellery
 a - an amulet of guardian spirit (around neck)
 t - a +3 ring of dexterity (left hand)
 C - a +4 ring of strength (right hand)
 D - a +2 amulet of reflection
 J - the ring of Tosaw {*Tele *Slow rPois rF++ MR+++}
   (You found it on level 6 of the Lair of Beasts)

   [ring of teleportation]

   It may teleport you next to monsters.
   It greatly protects you from fire.
   It protects you from poison.
   It affects your resistance to hostile enchantments.
   It may slow you when you take damage.
 O - an uncursed amulet of rage
Wands
 y - a wand of paralysis (9/24)
 I - a wand of iceblast (8/15)
 Z - a wand of disintegration (5/24)
Scrolls
 b - 3 scrolls of enchant armour
 i - a scroll of recharging
 k - 3 scrolls of identify
 p - 3 scrolls of fear
 q - 2 scrolls of fog
 r - 3 scrolls of teleportation
 u - 4 scrolls of enchant weapon
 w - 6 scrolls of remove curse
 B - a scroll of magic mapping
 E - 2 scrolls of immolation
 L - 3 scrolls of blinking
 S - a scroll of amnesia
Potions
 c - 2 potions of heal wounds
 e - 2 potions of haste
 m - 4 potions of curing
 v - 3 potions of agility
 F - 2 potions of invisibility
 G - 3 potions of flight
 K - 2 potions of cancellation
 M - 4 potions of mutation
 N - 2 potions of berserk rage
 X - a potion of brilliance
Books
 V - a book of Minor Magic

   Spells                             Type                      Level
   a - Magic Dart                     Conjuration                  1
   b - Blink                          Translocation                2
   c - Call Imp                       Summoning                    2
   d - Slow                           Hexes                        2
   e - Conjure Flame                  Conjuration/Fire             3
   f - Mephitic Cloud                 Conjuration/Poison/Air       3
 Y - a book of Maledictions

   Spells                             Type                      Level
   a - Corona                         Hexes                        1
   b - Ensorcelled Hibernation        Hexes/Ice                    2
   c - Confuse                        Hexes                        3
   d - Tukima's Dance                 Hexes                        3
   e - Dazzling Spray                 Conjuration/Hexes            3
Miscellaneous
 W - a fan of gales
Comestibles
 f - 6 bread rations
 j - 8 meat rations
 n - 6 royal jellies
 o - 13 fruits
 s - 13 chunks of flesh


   Skills:
 + Level 13.0 Fighting
 + Level 12.1 Long Blades
 - Level 1.9 Throwing
 - Level 4.8 Armour
 + Level 10.3 Dodging
 - Level 4.5 Shields
 - Level 6.0 Spellcasting
 - Level 10.5 Hexes


You had 22 spell levels left.
You knew the following spells:

 Your Spells              Type           Power        Failure   Level  Hunger
a - Corona                Hex            ####...      1%          1    None
b - Confuse               Hex            ####....     1%          3    ###....


Dungeon Overview and Level Annotations

Branches:
Dungeon (11/15)            Temple (1/1) D:5            Lair (6/6) D:10
 Shoals (0/4) Lair:4       Spider (0/4) Lair:2        Slime (0/5) Lair:5
    Orc (0/2) D:10

Altars:
Ashenzari
Cheibriados
Dithmenos
Elyvilon
Fedhas
Gozag
Hepliaklqana
Kikubaaqudgha
Makhleb
Nemelex Xobeh
Okawaru
Qazlal
Ru
Sif Muna
Trog
Uskayaw
Vehumet
Wu Jian
Xom
Yredelemnul
Zin
The Shining One

Shops:
D:4 :   D:5 :   D:9 [


Innate Abilities, Weirdness & Mutations

You have a pair of large horns on your head.
You regenerate a lot of health from kills.
You are powered by pain.


Message History

The catoblepas gores you but does no damage.
The death yak gores you. The death yak gores you! The catoblepas gores you!!
The death yak gores you! x2
The catoblepas gores you!
* * * LOW HITPOINT WARNING * * *
The death yak gores you!
* * * LOW HITPOINT WARNING * * *
The death yak gores you!!
* * * LOW HITPOINT WARNING * * *
The catoblepas barely misses you. The death yak gores you.
* * * LOW HITPOINT WARNING * * *
The death yak gores you!
* * * LOW HITPOINT WARNING * * *
The catoblepas gores you!
* * * LOW HITPOINT WARNING * * *
The death yak gores you!!
* * * LOW HITPOINT WARNING * * *
The death yak gores you but does no damage.
The catoblepas gores you!!
You die...

#...# #........P###. ##..#
#..........##. #..##
#...÷....P.... #..÷#
##......P..... ##.P.#
####=##.P.P..[. #....##
###.[..........(. #
##.....###......##.##.....
########.......##.....#.###.##...
...P##..P......Y@....##.#.†.###..
..P............YY....##.....##...
.P.####....P..P......##......##..
.####.##.............##....).##..
##.....###....♣.......##....#....
.........##....♣.....####..####..
..........##..........#..#####...
#.........##...........####.##...
..........#.........(..........[.


You could see 2 death yaks and a catoblepas.

Vanquished Creatures
  2 entropy weavers (Lair:6)
  Erica (D:8)
  2 hydras
  The ghost of nht the Slicer, a journeyman DsAr of Yredelemnul (Lair:1)
  3 two-headed ogres
  5 death yaks (Lair:6)
  A queen ant (Lair:6)
  Sonja (Lair:3)
  A merfolk siren (Lair:4)
  12 elephants
  Joseph (D:7)
  8 black mambas
  Maurice (D:8)
  12 spiny frogs
  3 polar bears
  3 merfolk (Lair:4)
  7 hippogriffs
  A wyvern (Lair:2)
  A wraith (D:8)
  47 yaks
  4 basilisks
  23 soldier ants
  7 porcupines
  11 water moccasins
  2 orc warriors
  3 phantoms
  5 ogres
  4 sky beasts
  2 centaurs
  10 wolves (Lair:6)
  9 crocodiles
  An elf zombie (Ossuary)
  14 bullfrogs
  3 scorpions
  3 wights (D:10)
  2 electric eels (Lair:6)
  A howler monkey (D:4)
  A bullfrog zombie (D:6)
  2 quasits
  2 crimson imps
  4 hounds
  3 bullfrog skeletons
  A centaur zombie (D:5)
  3 human zombies (Ossuary)
  11 orc priests
  5 orc wizards
  5 iguanas
  6 hell rats (Lair:1)
  22 worker ants
  3 hound zombies
  4 mummies
  A worker ant zombie (D:7)
  11 adders
  A howler monkey skeleton (D:8)
  7 river rats (Lair:1)
  A shadow imp (D:7)
  2 oozes
  2 adder zombies (Ossuary)
  A worm (D:3)
  3 dart slugs (D:1)
  7 leopard geckos
  39 orcs
  11 bats
  4 giant cockroaches
  3 gnoll zombies (Ossuary)
  11 goblins
  2 hobgoblins (D:1)
  10 jackals
  4 quokkas
  7 frilled lizards
  6 goblin zombies (Ossuary)
  4 hobgoblin zombies (Ossuary)
  6 jackal zombies (Ossuary)
  4 kobolds
  5 kobold zombies (Ossuary)
  A leopard gecko zombie (D:9)
  A quokka skeleton (D:4)
  A quokka zombie (Ossuary)
  13 rats
  2 rat zombies (Ossuary)
  A fungus (Lair:2)
460 creatures vanquished.

Vanquished Creatures (others)
  A centaur (D:6)
  An orc (D:6)
  A ball python (D:6)
  A bush (Lair:6)
  4 fungi (Lair:6)
  10 plants
18 creatures vanquished.

Grand Total: 478 creatures vanquished

Notes
Turn   | Place    | Note
-------+----------+-------------------------------------------
     0 | D:1      | krabocopter the Demonspawn Gladiator began the quest for the Orb.
     0 | D:1      | Reached XP level 1. HP: 16/16 MP: 1/1
   431 | D:1      | Gained mutation: You have a pair of small horns on your head. [demonic ancestry]
   431 | D:1      | Reached XP level 2. HP: 22/22 MP: 2/2
  1015 | D:1      | Gained mutation: You have a pair of horns on your head. [demonic ancestry]
  1015 | D:1      | Reached XP level 3. HP: 21/28 MP: 3/3
  1572 | D:2      | Gained mutation: You sometimes gain a little power by taking damage. [demonic ancestry]
  1572 | D:2      | Reached XP level 4. HP: 31/34 MP: 4/4
  1661 | D:2      | Found a faded altar of an unknown god.
  2663 | D:3      | Reached skill level 3 in Fighting
  2663 | D:3      | Reached XP level 5. HP: 24/41 MP: 5/5
  3114 | D:4      | Found a hazy altar of Hepliaklqana.
  3124 | D:4      | Reached skill level 5 in Long Blades
  3229 | D:4      | Gained mutation: You have a pair of large horns on your head. [demonic ancestry]
  3229 | D:4      | Reached XP level 6. HP: 36/48 MP: 6/6
  3401 | D:4      | Found Yzybyerr's Book Boutique.
  3734 | D:5      | Entered Level 5 of the Dungeon
  3772 | D:5      | Reached skill level 4 in Fighting
  3836 | D:5      | Found a sparkling altar of Nemelex Xobeh.
  3883 | D:5      | Found Xegini's Book Shop.
  3895 | D:5      | Found a staircase to the Ecumenical Temple.
  3908 | Temple   | Entered the Ecumenical Temple
  4060 | D:5      | Noticed a sky beast
  4069 | D:5      | Killed a sky beast
  4069 | D:5      | Gained mutation: You sometimes gain power by taking damage. [demonic ancestry]
  4069 | D:5      | Reached XP level 7. HP: 47/55 MP: 7/7
  4071 | D:5      | Found a white marble altar of Elyvilon.
  4454 | D:5      | Reached skill level 5 in Fighting
  4801 | D:5      | Got a faintly humming leather armour
  4996 | D:6      | Found a sand-covered staircase.
  5007 | Ossuary  | Entered an ossuary
  5157 | Ossuary  | Gained mutation: You are powered by pain. [demonic ancestry]
  5157 | Ossuary  | Reached XP level 8. HP: 44/62 MP: 8/8
  5614 | D:6      | Found an ancient bone altar of Kikubaaqudgha.
  5850 | D:6      | Reached skill level 6 in Fighting
  6466 | D:6      | Identified the cursed +0 leather armour "Zuess" {Dex+4} (You found it on level 5 of the Dungeon)
  6492 | D:7      | You fall through a shaft for 2 floors!
  6533 | D:8      | Noticed Maurice
  6634 | D:8      | Killed Maurice
  6634 | D:8      | Reached XP level 9. HP: 35/71 MP: 9/9
  6888 | D:7      | Noticed Joseph
  6902 | D:7      | Killed Joseph
  6902 | D:7      | Reached skill level 7 in Fighting
  7164 | D:7      | Reached skill level 1 in Shields
  7955 | D:8      | Reached skill level 8 in Fighting
  8100 | D:8      | Noticed Erica
  8133 | D:8      | Killed Erica
  8133 | D:8      | Reached XP level 10. HP: 34/82 MP: 10/10
  8350 | D:8      | Noticed a two-headed ogre
  8365 | D:8      | Killed a two-headed ogre
  8365 | D:8      | Reached skill level 9 in Fighting
  8933 | D:9      | Reached skill level 5 in Dodging
  8941 | D:9      | Found a sparkling altar of Nemelex Xobeh.
  9051 | D:9      | Noticed a two-headed ogre
  9079 | D:9      | Killed a two-headed ogre
  9079 | D:9      | Reached skill level 10 in Fighting
  9354 | D:9      | Found Romu Qej's Antique Armour Emporium.
  9357 | D:9      | Bought an embroidered cloak for 217 gold pieces
  9470 | D:9      | Found a glowing silver altar of Zin.
  9470 | D:9      | Found a stormy altar of Qazlal.
  9542 | D:10     | Entered Level 10 of the Dungeon
  9573 | D:10     | Found a staircase to the Lair.
 10110 | D:10     | Found a staircase to the Orcish Mines.
 10237 | D:11     | Noticed a green ugly thing
 10265 | Lair:1   | Entered Level 1 of the Lair of Beasts
 10270 | Lair:1   | Noticed nht's ghost (journeyman DsAr)
 10285 | Lair:1   | Killed nht's ghost
 10285 | Lair:1   | Gained mutation: You regenerate a little health from kills. [demonic ancestry]
 10285 | Lair:1   | Reached XP level 11. HP: 39/92 MP: 11/11
 10706 | Lair:1   | Reached skill level 11 in Fighting
 11921 | Lair:1   | Noticed a two-headed ogre
 11926 | Lair:1   | Killed a two-headed ogre
 11926 | Lair:1   | Reached skill level 10 in Long Blades
 12189 | Lair:2   | Reached skill level 12 in Fighting
 12317 | Lair:2   | Gained mutation: You regenerate health from kills. [demonic ancestry]
 12317 | Lair:2   | Reached XP level 12. HP: 56/102 MP: 12/12
 12515 | Lair:2   | Found a hole to the Spider Nest.
 13156 | Lair:3   | Learned a level 1 spell: Corona
 13284 | Lair:3   | Noticed Sonja
 13551 | Lair:3   | Killed Sonja
 13996 | Lair:4   | Reached skill level 1 in Hexes
 14040 | Lair:4   | Reached skill level 1 in Spellcasting
 14225 | Lair:4   | Found a staircase to the Shoals.
 14934 | Lair:4   | Noticed an eight-headed hydra
 14946 | Lair:4   | Killed a three-headed hydra
 15209 | Lair:5   | Noticed a six-headed hydra
 15219 | Lair:5   | Killed a three-headed hydra
 15425 | Lair:5   | Found a staircase to the Slime Pits.
 15633 | Lair:5   | Reached XP level 13. HP: 108/108 MP: 17/17
 15676 | Lair:5   | Learned a level 3 spell: Confuse
 15940 | Lair:6   | Entered Level 6 of the Lair of Beasts
 16011 | Lair:6   | Got a pitted lapis lazuli ring
 16019 | Lair:6   | Identified the ring of Tosaw {*Tele *Slow rPois rF++ MR+++} (You found it on level 6 of the Lair of Beasts)
 16100 | Lair:6   | Gained mutation: You regenerate a lot of health from kills. [demonic ancestry]
 16100 | Lair:6   | Reached XP level 14. HP: 115/115 MP: 17/21
 16165 | Lair:6   | Reached XP level 15. HP: 121/121 MP: 21/24
 16891 | Lair:6   | Reached skill level 10 in Hexes
 17125 | Lair:6   | Reached skill level 10 in Dodging
 17653 | Lair:6   | Reached skill level 13 in Fighting
 17787 | Lair:6   | HP: 6/123 [death yak (7)]
 17788 | Lair:6   | Slain by a catoblepas

Vault maps used:
D:1:      erik_arrival_cave_to_civilisation, minmay_bisected
D:2:      chequers_ecumenical_altar_simple_redux
D:4:      nicolae_overflow_hidden_temple, serial_shops, nicolae_shop_waterfront
D:5:      kennysheep_mini_moat, temple_statues, first_bread, serial_shops, shop,
          basic_altar
D:6:      kiku_gazebo_garden_becter, gup_ossuary_entry_pyramid
D:7:      uniq_joseph
D:8:      uniq_maurice, uniq_erica
D:9:      lemuel_round_altar, gammafunk_temple_overflow_wave, serial_shops,
          kennysheep_mini, minmay_liquid_box
D:10:     lair_entry_dummy, hiddenorc1_lemuel
D:11:     minmay_separated_statues, serial_shops, shop, david_nohive_1,
          bloody_makhleb
Temple:   nicolae_temple_x_marks_the_god
Lair:1:   kennysheep_abandoned_house
Lair:2:   spider_nest_entry_web_field, serial_bayou_shore_b
Lair:3:   uniq_sonja
Lair:4:   elwin_shoals_entry_stream, minmay_lindwurm_lava, grunt_megastairs_5,
          lemuel_fruit_fields
Lair:5:   slime_dummy, grunt_megastairs_4, lemuel_fruit_tree
Lair:6:   grunt_lair_end_beastmaster, minivault_29, serial_bayou_shore_a,
          grunt_megastairs_3, serial_bayou_shore_b, infiniplex_staircase_pool_2
Ossuary:  minmay_ossuary_two_tombs

Skill      XL: |  1  2  3  4  5  6  7  8  9 10 11 12 13 14 15 |
---------------+----------------------------------------------+-----
Long Blades    | 3 4 5 6 7 9 10 12 | 12.1
Fighting       | 3 4 5 6 8 10 12 13 | 13.0
Shields        | 4 |  4.5
Armour         | 2 4 |  4.8
Dodging        | 6 8 9 10 | 10.3
Hexes          | 4 7 9 10 | 10.5
Spellcasting   | 3 4 6 |  6.0
Throwing       | |  1.9

Action                   |  1- 3 |  4- 6 |  7- 9 | 10-12 | 13-15 || total
-------------------------+-------+-------+-------+-------+-------++-------
Melee: Long sword        |    66 |   160 |   321 |       |       ||   547
       Headbutt          |     7 |    35 |   119 |   192 |   158 ||   511
       Scimitar          |       |       |       |   517 |   334 ||   851
  Use: Potion            |       |     3 |     4 |     3 |     5 ||    15
       Scroll            |       |     9 |     5 |     9 |     2 ||    25
 Stab: Distracted        |     1 |       |       |       |       ||     1
       Sleeping          |     2 |     1 |     4 |     4 |       ||    11
       Petrified         |       |       |       |       |    10 ||    10
       Petrifying        |       |       |       |       |     1 ||     1
  Eat: Chunk             |     2 |     8 |    13 |    24 |     5 ||    52
       Fruit             |       |       |     1 |       |     2 ||     3
Armor: Leather armour    |    26 |    50 |    64 |    69 |    46 ||   255
Dodge: Dodged            |    69 |   100 |   190 |   312 |   218 ||   889
Block: Other             |       |       |     4 |       |       ||     4
       Buckler           |       |       |    13 |   176 |    92 ||   281
       Rpst.: Long sword |    22 |    30 |    68 |       |       ||   120
       Scimitar          |       |       |       |    83 |    55 ||   138
